 Dungeon Crawl Stone Soup version 0.30.1-4-g462c640d31 (webtiles) character file.

Game seed: 8057705293085203208

7574 Babbit the Cleaver (level 10, -2/91 HPs)
             Began as a Minotaur Fighter on Sept 15, 2023.
             Was an Elder of Okawaru.
             Slain by a two-headed ogre
             ... wielding a +0 dire flail
              (6 damage)
             ... on level 10 of the Dungeon on Sept 17, 2023.
             The game lasted 00:31:45 (8783 turns).

Babbit the Cleaver (Minotaur Fighter)               Turns: 8783, Time: 00:31:46

Health: -2/91      AC: 12    Str: 28    XL:     10   Next: 97%
Magic:  9/9        EV: 12    Int:  5    God:    Okawaru [****..]
Gold:   555        SH:  5    Dex:  9    Spells: 9/9 levels left

rFire   . . .        M - +6 war axe
rCold   . . .        c - +0 buckler
rNeg    . . .        b - +0 scale mail
rPois   .            (helmet restricted)
rElec   .            I - +1 cloak {Stlth+}
rCorr   +            v - +0 pair of gloves
SInv    .            J - -2 pair of boots of Lightning Storm {Str+2}
Will    .....        (no amulet)
Stlth   +            n - ring of resist corrosion
HPRegen 0.35/turn    (no ring)
MPRegen 0.11/turn

%: no passive effects
@: studying Dodging
A: horns 2, retaliatory headbutt
a: Renounce Religion, Heroism, Finesse


You were on level 10 of the Dungeon.
You worshipped Okawaru.
Okawaru was greatly pleased with you.
You visited 2 branches of the dungeon, and saw 11 of its levels.

You collected 555 gold pieces.

Inventory:

Hand Weapons
 F - the +7 dagger of the Shore {flame, *Rage Int+6 Dex+3}
   (You found it on level 5 of the Dungeon)

   Int:       It affects your intelligence (+6).
   Dex:       It affects your dexterity (+3).
   *Rage:     It berserks you when you make melee attacks (+20% chance).
 M - a +6 war axe (weapon)
Missiles
 K - 3 throwing nets
 L - 3 silver javelins (quivered)
Armour
 b - a +0 scale mail (worn)
 c - a +0 buckler (worn)
 v - a +0 pair of gloves (worn)
 I - a +1 cloak of stealth (worn)
 J - the -2 pair of boots of Lightning Storm (worn) {Str+2}
   (You found it on level 8 of the Dungeon)

   Str:       It affects your strength (+2).
Jewellery
 n - a ring of resist corrosion (left hand)
Wands
 h - a wand of polymorph (3)
 t - a wand of iceblast (9)
 u - a wand of digging (3)
 y - a wand of paralysis (5)
 G - a wand of acid (18)
 H - a wand of flame (11)
Scrolls
 d - 2 scrolls of poison {unknown}
 g - 6 scrolls of teleportation
 m - 3 scrolls of blinking
 o - 2 scrolls of silence {unknown}
 q - a scroll of acquirement {unknown}
 r - a scroll of fog {unknown}
 s - 2 scrolls of enchant armour {unknown}
 w - 3 scrolls of amnesia {unknown}
 x - 2 scrolls of magic mapping
 z - a scroll of torment {unknown}
 C - a scroll of fear {unknown}
Potions
 a - a potion of resistance {unknown}
 e - a potion of invisibility
 f - 3 potions of brilliance
 i - 7 potions of lignification
 j - a potion of heal wounds
 k - 3 potions of curing
 l - 2 potions of cancellation
 p - 4 potions of flight
 A - a potion of ambrosia {unknown}
 B - a potion of haste {unknown}
 D - a potion of mutation {unknown}


   Skills:
 + Level 9.1 Fighting
 + Level 13.3 Axes
 + Level 1.5 Throwing
 + Level 10.1 Armour
 + Level 7.4 Dodging
 + Level 0.7 Stealth
 + Level 6.7 Shields


You had 9 spell levels left.
You didn't know any spells.
Your spell library contained the following spells:

 Spells                   Type           Power      Damage    Failure   Level
 Beastly Appendage        Tmut           0%         N/A       75%         1
 Sandblast                Erth           0%         2d4       75%         1
 Passwall                 Tmut/Erth      0%         N/A       87%         2
 Wereblood                Tmut           0%         N/A       87%         2
 Spider Form              Tmut/Pois      0%         N/A       98%         3
 Stone Arrow              Conj/Erth      0%         3d7       98%         3


Dungeon Overview and Level Annotations

Branches:
Dungeon (10/15)            Temple (1/1) D:6
   Lair: D:8-11         Orc: D:9-12

Altars:
Cheibriados
Dithmenos
Gozag
Makhleb
Nemelex Xobeh
Okawaru
Trog
Uskayaw
Xom
Yredelemnul
Zin

Shops:
D:6 (

Annotations:
D:9 exclusion: oklob plant


Innate Abilities, Weirdness & Mutations

You have a pair of horns on your head.
You reflexively headbutt those who attack you in melee.


Message History

You kill the steam dragon!
Okawaru accepts your kill.
The steam dragon scales are intact enough to wear.
You start resting.
A two-headed ogre comes into view.
It is wielding a +0 dire flail and a +0 giant spiked club.
You see here a killer bee corpse.
Items here: [[ ††.
The two-headed ogre shouts in stereo!
Found a hand axe.
The two-headed ogre hits you with a +0 dire flail!
The two-headed ogre hits you with a +0 giant spiked club!
You barely miss the two-headed ogre. You barely miss the two-headed ogre.
You headbutt the two-headed ogre.
The two-headed ogre is lightly wounded.
The two-headed ogre hits you with a +0 dire flail!
The two-headed ogre closely misses you.
You slash the two-headed ogre!
Your headbutt misses the two-headed ogre.
The two-headed ogre is moderately wounded.
The two-headed ogre hits you with a +0 dire flail!
* * * LOW HITPOINT WARNING * * *
You block the two-headed ogre's attack.
You feel much better.
You barely miss the two-headed ogre.
The two-headed ogre is lightly wounded.
The two-headed ogre hits you with a +0 dire flail!
The two-headed ogre closely misses you.
You slash the two-headed ogre!
The two-headed ogre is moderately wounded.
The two-headed ogre hits you with a +0 dire flail!
* * * LOW HITPOINT WARNING * * *
The two-headed ogre barely misses you.
You slash the two-headed ogre!
The two-headed ogre is heavily wounded.
You slash the two-headed ogre! You headbutt the two-headed ogre.
The two-headed ogre is almost dead.
The two-headed ogre hits you with a +0 dire flail!!
* * * LOW HITPOINT WARNING * * *
The two-headed ogre hits you with a +0 giant spiked club.
You die...

# #) .# . ###.
###..:###### .#
#..........##### .#
#.....O@...[†..#####.###
...........###.#.......#
#......?...# #.........#
#..........# ###.......#
#..........# #........
#..........# #.......#
#..........# #.......#
#..........# #####.###
###..#


You could see a two-headed ogre.

Vanquished Creatures
  A two-headed ogre (D:9)
  Maurice (D:8)
  The ghost of LordJstr the Slasher, a novice HOFi (D:4)
  A gargoyle (D:9)
  Joseph (D:8)
  Psyche (D:8)
  A troll (D:7)
  5 yaks (D:9)
  Eustachio (D:6)
  2 steam dragons
  An acid dragon (D:10)
  A water moccasin (D:7)
  3 sky beasts
  Duvessa (D:6)
  An ice beast (D:6)
  3 orc warriors
  2 centaurs (D:5)
  A phantom (D:5)
  A kobold brigand (D:8)
  4 bullfrogs
  2 scorpions
  4 wights (D:9)
  Dowan (D:6)
  18 killer bees
  4 howler monkeys
  7 hounds
  13 jellies
  3 orc priests
  A gnoll bouda (D:9)
  Ijyb (D:3)
  9 orc wizards
  A sleepcap (D:5)
  2 iguanas
  6 gnolls
  10 adders
  3 white imps
  An ufetubus (D:6)
  A worm (D:3)
  A dart slug (D:5)
  31 orcs
  4 bats
  17 endoplasms
  A giant cockroach (D:3)
  10 goblins
  8 hobgoblins
  3 jackals (D:3)
  A quokka (D:1)
  9 ball pythons
  4 frilled lizards
  11 kobolds
  5 rats
  A butterfly (D:6)
226 creatures vanquished.

Notes
Turn   | Place    | Note
-------+----------+-------------------------------------------
     0 | D:1      | Babbit the Minotaur Fighter began the quest for the Orb.
     0 | D:1      | Reached XP level 1. HP: 19/19 MP: 0/0
   216 | D:1      | Reached XP level 2. HP: 22/27 MP: 1/1
  1096 | D:2      | Reached XP level 3. HP: 33/33 MP: 2/2
  1099 | D:2      | Reached skill level 3 in Axes
  1525 | D:3      | Found an opulent altar of Gozag.
  1525 | D:3      | Found a sparkling altar of Nemelex Xobeh.
  1692 | D:3      | Found a snail-covered altar of Cheibriados.
  1701 | D:3      | Noticed Ijyb
  1705 | D:3      | Killed Ijyb
  1706 | D:3      | Reached XP level 4. HP: 40/40 MP: 3/3
  2505 | D:4      | Reached skill level 4 in Axes
  2505 | D:4      | Reached XP level 5. HP: 45/46 MP: 4/4
  2570 | D:4      | Found a runed translucent door.
  2571 | D:4      | Noticed LordJstr's ghost (novice HOFi)
  2577 | D:4      | Reached skill level 1 in Dodging
  2642 | D:4      | Killed LordJstr's ghost
  2643 | D:4      | Reached skill level 6 in Axes
  2643 | D:4      | Reached skill level 5 in Armour
  2643 | D:4      | Reached XP level 6. HP: 8/55 MP: 5/5
  2643 | D:4      | Reached XP level 7. HP: 9/60 MP: 6/6
  2866 | D:4      | Reached skill level 5 in Fighting
  3230 | D:4      | Found a basalt altar of Yredelemnul.
  3279 | D:5      | Entered Level 5 of the Dungeon
  3322 | D:5      | Reached skill level 7 in Axes
  3639 | D:5      | Identified the +7 dagger of the Shore {flame, *Rage Int+6
                  | Dex+3}
  3679 | D:5      | Found a shadowy altar of Dithmenos.
  3708 | D:5      | Reached XP level 8. HP: 69/69 MP: 7/7
  3901 | D:5      | Reached skill level 8 in Axes
  4208 | D:6      | Reached skill level 5 in Shields
  4255 | D:6      | Found a staircase to the Ecumenical Temple.
  4266 | Temple   | Entered the Ecumenical Temple
  4291 | Temple   | Became a worshipper of Warmaster Okawaru
  4388 | D:6      | Noticed Dowan
  4389 | D:6      | Noticed Duvessa
  4396 | D:6      | Killed Duvessa
  4399 | D:6      | Killed Dowan
  4548 | D:6      | Found Zideg's Weapon Emporium.
  4644 | D:6      | Reached skill level 9 in Axes
  4873 | D:6      | Noticed Eustachio
  4886 | D:6      | Killed Eustachio
  4994 | D:6      | Reached * piety under Okawaru
  4995 | D:6      | Reached XP level 9. HP: 48/75 MP: 8/8
  5291 | D:6      | Reached skill level 10 in Axes
  5526 | D:7      | Noticed a troll
  5543 | D:7      | Killed a troll
  5544 | D:7      | Reached skill level 5 in Dodging
  6105 | D:8      | Noticed Maurice
  6125 | D:8      | Killed Maurice
  6125 | D:8      | Reached ** piety under Okawaru
  6126 | D:8      | Reached skill level 11 in Axes
  6222 | D:8      | Identified the -2 pair of boots of Lightning Storm {Str+2}
  6468 | D:8      | Reached skill level 1 in Throwing
  6502 | D:8      | Noticed Joseph
  6515 | D:8      | Killed Joseph
  6804 | D:8      | Reached XP level 10. HP: 86/86 MP: 9/9
  6932 | D:8      | Noticed Psyche
  6949 | D:8      | Killed Psyche
  6959 | D:8      | Reached *** piety under Okawaru
  7550 | D:9      | Reached skill level 12 in Axes
  7673 | D:9      | Noticed an oklob plant
  7949 | D:9      | Noticed a gargoyle
  7964 | D:9      | Killed a gargoyle
  7964 | D:9      | Reached **** piety under Okawaru
  8106 | D:9      | Noticed a two-headed ogre
  8110 | D:9      | Killed a two-headed ogre
  8111 | D:9      | Reached skill level 13 in Axes
  8111 | D:9      | Reached skill level 10 in Armour
  8217 | D:9      | Found a shimmering altar of Xom.
  8685 | D:10     | Entered Level 10 of the Dungeon
  8768 | D:10     | Noticed a two-headed ogre
  8783 | D:10     | HP: 4/91 [two-headed ogre/+0 dire flail (19)]
  8783 | D:10     | Slain by a two-headed ogre

Illustrated notes

Levels and vault maps discovered:
D:1:      spicycebolla_green_bress_n_ham, layout_basic,
          wander_ebering_terrifying_dragon_lair
D:2:      layout_loops_ring
D:3:      minmay_skewed_foursquare, layout_loops_corners,
          grunt_temple_overflow_opulence, mainiacjoe_overflow_tiny_flanked,
          uniq_ijyb
D:4:      layout_cave_pools, kennysheep_little_box,
          ebering_ghost_reflecting_pool, nicolae_elevator_lobby_asterisk
D:5:      layout_basic, nicolae_dithmenos_through_a_glass_darkly,
          minmay_manual_monstrance
D:6:      layout_basic, minmay_temple_entry_butterflies, serial_shops, shop,
          uniq_duvessa, uniq_eustachio
D:7:      layout_cave_pools
D:8:      layout_basic, uniq_maurice, uniq_psyche, uniq_joseph
D:9:      lemuel_slime, layout_loops_ring, overflow_temple_1_default
D:10:     layout_roguey, nicolae_overflow_hidden_temple
Temple:   regret_index_temple_waves

Skill      XL: |  1  2  3  4  5  6  7  8  9 10 |
---------------+-------------------------------+-----
Armour         | 4 5 6 8 9 10 | 10.1
Fighting       | 4 5 6 7 9 |  9.1
Shields        | 4 5 6 |  6.7
Axes           | 3 4 6 7 9 11 13 | 13.3
Dodging        | 2 4 6 7 |  7.4
Throwing       | 1 |  1.5
Stealth        | |  0.7

Action                     |  1- 3 |  4- 6 |  7- 9 | 10-12 || total
---------------------------+-------+-------+-------+-------++-------
  Melee: War axe           |    80 |    60 |   212 |    66 ||   418
         Headbutt          |    13 |     9 |    53 |    12 ||    87
         Hand axe          |       |       |    81 |    79 ||   160
  Throw: Javelin           |       |       |     6 |     3 ||     9
    Use: Scroll            |     4 |     3 |     8 |     2 ||    17
         Potion            |       |     1 |     1 |     2 ||     4
 Armour: Scale mail        |    27 |    22 |   117 |    43 ||   209
  Dodge: Dodged            |    35 |    32 |   129 |    68 ||   264
  Block: Buckler           |    24 |    12 |    45 |    24 ||   105
